 Dungeon Crawl Stone Soup version 0.31-a0-995-g04711c9635 (webtiles) character file.

Game seed: 6475242651996262744

1526 Pixllover the Ruffian (level 8, -4/61 HPs)
             Began as a Gnoll Shapeshifter on Nov 6, 2023.
             Was a Follower of Trog.
             Slain by a sky beast (5 damage)
             ... on level 7 of the Dungeon.
             The game lasted 00:09:01 (6014 turns).

Pixllover the Ruffian (Gnoll Shapeshifter)          Turns: 6014, Time: 00:09:01

Health: -4/61      AC:  3    Str: 17    XL:     8   Next: 85%
Magic:  13/13      EV: 13    Int:  9    God:    Trog [*.....]
Gold:   404        SH:  0    Dex: 11    Spells: 14/14 levels left

rFire   . .          .
                       - Unarmed
rCold   . . .        (shield currently unavailable)
rNeg    . . .        x - +1 robe {Will+}
rPois   .            (no helmet)
rElec   .            (no cloak)
rCorr   .            (no gloves)
SInv    .            (no boots)
Will    +....        (no amulet)
Stlth   +            (no ring)
HPRegen 0.30/turn    (no ring)
MPRegen 0.13/turn

%: no passive effects
@: flux-form, glowing
A: glow, contaminating, fangs 1, strong nose, distributed training
a: Begin Untransformation, Renounce Religion, Berserk


You were on level 7 of the Dungeon.
You worshipped Trog.
Trog was aware of your devotion.
You were something dangerously unstable.
You visited 2 branches of the dungeon, and saw 8 of its levels.

You collected 404 gold pieces.

Inventory:

Missiles
 p - 2 silver javelins (quivered)
 v - 3 poisoned darts
Armour
 x - a +1 robe of willpower (worn)
Talismans
 c - a beast talisman
 d - a flux talisman (active)
 w - a blade talisman
Wands
 h - a wand of mindburst (8)
 k - a wand of roots (9)
 r - a wand of acid (13)
Scrolls
 e - a scroll of noise
 f - a scroll of identify
 i - 2 scrolls of teleportation
 j - a scroll of butterflies {unknown}
 l - 2 scrolls of revelation
 n - a scroll of fog {unknown}
 q - 2 scrolls of immolation {unknown}
 s - 2 scrolls of fear
 u - 2 scrolls of enchant armour
 y - a scroll of blinking {unknown}
 B - a scroll of poison {unknown}
Potions
 a - a potion of resistance {unknown}
 b - 3 potions of lignification
 g - 3 potions of haste
 m - 3 potions of heal wounds
 o - a potion of magic {unknown}
 t - a potion of mutation {unknown}
 z - a potion of curing {unknown}
 A - a potion of attraction {unknown}


   Skills:
 + Level 4.5 Fighting
 + Level 3.7 Short Blades
 + Level 3.7 Long Blades
 + Level 3.7 Axes
 + Level 3.7 Maces & Flails
 + Level 3.7 Polearms
 + Level 3.7 Staves
 + Level 3.7 Ranged Weapons
 + Level 3.7 Throwing
 + Level 3.7 Armour
 + Level 5.9 Dodging
 + Level 3.7 Stealth
 + Level 3.7 Shields
 + Level 7.6 Unarmed Combat
 + Level 3.7 Spellcasting
 + Level 3.0 Conjurations
 + Level 3.0 Hexes
 + Level 3.0 Summonings
 + Level 3.0 Necromancy
 + Level 3.0 Translocations
 + Level 3.0 Transmutations
 + Level 3.0 Fire Magic
 + Level 3.0 Ice Magic
 + Level 3.0 Air Magic
 + Level 3.0 Earth Magic
 + Level 3.0 Poison Magic
 + Level 4.0 Invocations
 + Level 3.7 Evocations
 + Level 7.4 Shapeshifting


You had 14 spell levels left.
You didn't know any spells.
Your spell library contained the following spells:

 Spells                   Type           Power      Damage    Failure   Level
 Frozen Ramparts          Ice            14%        1d3       24%         3
 Ignite Poison            Fire/Tmut/Pois 7%         N/A       24%         3
 Alistair's Intoxication  Tmut/Pois      4%         N/A       92%         5
 Irradiate                Conj/Tmut      3%         3d12      92%         5


Dungeon Overview and Level Annotations

Branches:
Dungeon (7/15)             Temple (1/1) D:5

Altars:
Ashenzari
Dithmenos
Fedhas
Gozag
Hepliaklqana
Kikubaaqudgha
Makhleb
Nemelex Xobeh
Okawaru
Qazlal
Sif Muna
Trog
Uskayaw
Wu Jian
Xom
Yredelemnul
Zin

Shops:
D:6 (


Innate Abilities, Weirdness & Mutations

You are something dangerously unstable.
You glow with magical radiation, making you easy to see and hit.
Foes you strike become dangerously contaminated with magical radiation.
You are incapable of wielding weapons or throwing items.
You have very sharp teeth.
Your uncanny sense of smell can sniff out nearby items.
Your experience applies equally to all skills.


Message History

You kill the kobold!
Trog accepts your kill.
The kobold brigand hits you with a +0 club.
The kobold brigand barely misses you.
There is an open door, spattered with blood here.
Items here: )) ††.
You hit the kobold brigand.
The kobold brigand glows dangerously bright.
Your bite misses the kobold brigand.
The kobold brigand is moderately wounded.
The kobold brigand completely misses you.
You hit the kobold brigand but do no damage.
The kobold brigand shudders as magic cascades through it!
The kobold brigand twists and deforms.
The kobold brigand is severely wounded.
The kobold brigand barely misses you.
You hit the kobold brigand.
The kobold brigand begins to glow.
The kobold brigand is severely wounded.
A sky beast comes into view.
The kobold brigand hits you with a +0 club.
You hit the kobold brigand.
The kobold brigand glows dangerously bright.
The kobold brigand is severely wounded.
The sky beast flickers out of sight!
Deactivating autopickup; reactivate with Ctrl-A.
Something hits you. Something shocks you. The kobold brigand barely misses you.
You hit the kobold brigand but do no damage.
The kobold brigand shudders as magic cascades through it!!
You kill the kobold brigand!
Trog accepts your kill.
You barely miss something. Something hits you. Something shocks you.
* * * LOW HITPOINT WARNING * * *
You closely miss something. Something hits you.
* * * LOW HITPOINT WARNING * * *
Something shocks you.
* * * LOW HITPOINT WARNING * * *
You closely miss something. Something hits you.
* * * LOW HITPOINT WARNING * * *
Something shocks you.
You die...

.............#########..........
#####'########...#......#'######
+..#...#.........+......#.f.
#..'...'.........#......#K....
#'###..#.........#......#.......
....#..##...##...#......#..K##..
....#..##..†##...#....###.K.# #
....#...#<...#..)#....# ....
....#...+....#..p)....#
....#+############....# ###...
.....# .... ..#+### .... ...
.... ..... ......


There were no monsters in sight!

Vanquished Creatures
  Menkaure (D:6)
  An ice beast (D:5)
  An orc warrior (D:6)
  A black bear (D:5)
  A centaur (D:7)
  An ogre (D:5)
  A kobold brigand (D:7)
  4 bullfrogs
  2 scorpions
  A howler monkey (D:5)
  2 hounds
  2 jellies
  Natasha (thrice) (D:4)
  An orc wizard (D:3)
  2 sleepcaps
  12 adders
  A white imp (D:6)
  3 worms
  7 orcs
  5 ball pythons
  A bat (D:1)
  6 endoplasms
  5 giant cockroaches
  24 goblins
  9 hobgoblins
  9 kobolds
  3 quokkas
  2 frilled lizards
  6 rats
117 creatures vanquished.

Notes
Turn   | Place    | Note
-------+----------+-------------------------------------------
     0 | D:1      | Pixllover the Gnoll Shapeshifter began the quest for the
                  | Orb.
     0 | D:1      | Reached XP level 1. HP: 17/17 MP: 1/1
   154 | D:1      | Reached XP level 2. HP: 22/23 MP: 2/2
   387 | D:1      | Found a faded altar of an unknown god.
   545 | D:1      | Reached XP level 3. HP: 27/28 MP: 3/3
   660 | D:2      | Reached skill level 1 in Invocations
   755 | D:2      | Reached skill level 1 in Short Blades
   755 | D:2      | Reached skill level 1 in Long Blades
   755 | D:2      | Reached skill level 1 in Axes
   755 | D:2      | Reached skill level 1 in Maces & Flails
   755 | D:2      | Reached skill level 1 in Polearms
   755 | D:2      | Reached skill level 1 in Staves
   755 | D:2      | Reached skill level 1 in Ranged Weapons
   755 | D:2      | Reached skill level 1 in Throwing
   755 | D:2      | Reached skill level 1 in Armour
   755 | D:2      | Reached skill level 1 in Stealth
   755 | D:2      | Reached skill level 1 in Shields
   755 | D:2      | Reached skill level 1 in Spellcasting
   755 | D:2      | Reached skill level 1 in Evocations
  1044 | D:2      | Reached XP level 4. HP: 34/34 MP: 5/5
  1139 | D:2      | Reached skill level 1 in Conjurations
  1139 | D:2      | Reached skill level 1 in Hexes
  1139 | D:2      | Reached skill level 1 in Summonings
  1139 | D:2      | Reached skill level 1 in Necromancy
  1139 | D:2      | Reached skill level 1 in Translocations
  1139 | D:2      | Reached skill level 1 in Transmutations
  1139 | D:2      | Reached skill level 1 in Fire Magic
  1139 | D:2      | Reached skill level 1 in Ice Magic
  1139 | D:2      | Reached skill level 1 in Air Magic
  1139 | D:2      | Reached skill level 1 in Earth Magic
  1139 | D:2      | Reached skill level 1 in Poison Magic
  1607 | D:3      | Identified the of Bus Goujoest
  1831 | D:3      | Reached XP level 5. HP: 40/40 MP: 5/7
  2653 | D:4      | Noticed Natasha
  2658 | D:4      | Killed Natasha
  2698 | D:4      | Noticed Natasha
  2708 | D:4      | Killed Natasha
  2713 | D:4      | Reached skill level 5 in Dodging
  2713 | D:4      | Reached XP level 6. HP: 28/47 MP: 8/8
  2723 | D:4      | Found a blossoming altar of Fedhas.
  2924 | D:4      | Noticed Natasha
  2931 | D:4      | Killed Natasha
  2978 | D:5      | Entered Level 5 of the Dungeon
  2995 | D:5      | Found a staircase to the Ecumenical Temple.
  3005 | Temple   | Entered the Ecumenical Temple
  3146 | Temple   | Became a worshipper of Trog the Wrathful
  3221 | D:5      | Noticed a black bear
  3227 | D:5      | Killed a black bear
  3412 | D:5      | Reached XP level 7. HP: 52/52 MP: 10/10
  4605 | D:6      | Found Pezass's Antique Weapon Emporium.
  4612 | D:6      | Reached * piety under Trog
  4613 | D:6      | Reached XP level 8. HP: 50/60 MP: 12/12
  5406 | D:6      | Noticed Menkaure
  5413 | D:6      | Killed Menkaure
  6014 | D:7      | HP: 1/61 [something (4)]
  6014 | D:7      | Slain by a sky beast

Illustrated notes

Levels and vault maps discovered:
D:1:      minmay_arrival_hallway, layout_basic,
          hellmonk_ecumenical_altar_crossroads
D:2:      layout_basic
D:3:      kennysheep_the_goblin_king, layout_rooms
D:4:      layout_loops_ring, fedhas_altar_1, solitary_fountain, uniq_natasha
D:5:      layout_loops_corners, minmay_temple_entry_junction,
          chequers_serial_rivers_room_a, minmay_ogre_servants
D:6:      layout_loops_corners, serial_shops, nicolae_square_shop, uniq_menkaure
D:7:      layout_gridville
Temple:   nicolae_temple_x_marks_the_god

Skill      XL: |  1  2  3  4  5  6  7  8 |
---------------+-------------------------+-----
Invocations    | 1 2 3 4 |  4.0
Short Blades   | 1 2 3 |  3.7
Long Blades    | 1 2 3 |  3.7
Axes           | 1 2 3 |  3.7
Maces & Flails | 1 2 3 |  3.7
Polearms       | 1 2 3 |  3.7
Staves         | 1 2 3 |  3.7
Ranged Weapons | 1 2 3 |  3.7
Throwing       | 1 2 3 |  3.7
Armour         | 1 2 3 |  3.7
Stealth        | 1 2 3 |  3.7
Shields        | 1 2 3 |  3.7
Spellcasting   | 1 2 3 |  3.7
Evocations     | 1 2 3 |  3.7
Conjurations   | 1 2 3 |  3.0
Hexes          | 1 2 3 |  3.0
Summonings     | 1 2 3 |  3.0
Necromancy     | 1 2 3 |  3.0
Translocations | 1 2 3 |  3.0
Transmutations | 1 2 3 |  3.0
Fire Magic     | 1 2 3 |  3.0
Ice Magic      | 1 2 3 |  3.0
Air Magic      | 1 2 3 |  3.0
Earth Magic    | 1 2 3 |  3.0
Poison Magic   | 1 2 3 |  3.0
Fighting       | 3 4 |  4.5
Dodging        | 5 |  5.9
Unarmed Combat | 7 |  7.6
Shapeshifting  | 7 |  7.4

Action                     |  1- 3 |  4- 6 |  7- 9 || total
---------------------------+-------+-------+-------++-------
  Melee: Unarmed           |    68 |   100 |   138 ||   306
         Bite              |     7 |     4 |    11 ||    22
         Punch             |     1 |       |     4 ||     5
    Use: Scroll            |       |     2 |     5 ||     7
         Potion            |       |       |     1 ||     1
   Stab: Sleeping          |     1 |     1 |     3 ||     5
 Armour: Animal skin       |    30 |    58 |    12 ||   100
         Robe              |       |       |    69 ||    69
         Skin              |       |       |     1 ||     1
  Dodge: Dodged            |    43 |    66 |    70 ||   179
   Form: Flux              |       |       |     1 ||     1

Table legend: (Time is in decaauts)
 A = Elapsed time spent in this place.
 B = Non-inter-level travel time spent in this place.
 C = Inter-level travel time spent in this place.
 D = Time resting spent in this place.
 E = Time spent auto-exploring this place.
 F = Levels seen in this place.
 G = Mean time per level.
                   A        B        C        D        E       F      G
               +--------+--------+--------+--------+--------+-----+--------+
         Total |   5973 |   5858 |    115 |    869 |   3473 |   8 |  746.6 |
       Dungeon |   5812 |   5697 |    115 |    869 |   3473 |   7 |  830.3 |
        Temple |    160 |    160 |      0 |      0 |      0 |   1 |  160.0 |
               +--------+--------+--------+--------+--------+-----+--------+

Top non-repeatable levels by time:
     D:6: 1388 daAuts
     D:5: 1111 daAuts
     D:2: 985 daAuts
     D:3: 759 daAuts
     D:1: 611 daAuts
     D:4: 602 daAuts
     D:7: 355 daAuts
  Temple: 160 daAuts
